Map: Dreamcatcher LE

Players

DeMusliM

  • Race: Terran Terran
  • Spawn Location: 5:00

SouLeer

  • Race: Zerg Zerg
  • Spawn Location: 11:00

Event: WCS Valencia 2018

VOD

Have the link to the VOD?

Description

Time

  • Played on: July 12, 2018, 8:11 a.m.
  • Length: 8:27

All games in this series

Show
View Real Time Build Order
Export as new Build Order

DeMusliM Terran 

Build Orders: Reaper Expand, Mech 

Get SALT Encoding   

  12  0:00  SCV  
  13  0:13  SCV  
  14  0:17  Supply Depot  
  14  0:25  SCV  
  15  0:38  SCV  
  15  0:40  Barracks  
  16  0:44  Refinery  
  16  0:50  SCV  
  17  1:02  SCV  
  18  1:15  SCV  
  19  1:27  Reaper, Orbital Command  
  20  1:40  Command Center  
  20  1:47  Supply Depot  
  20  1:52  SCV  
  21  1:59  Marine  
  22  2:04  SCV  
  22  2:07  Factory  
  23  2:13  Refinery  
  23  2:16  SCV  
  23  2:21  Barracks Reactor  
  24  2:36  SCV  
  25  2:48  SCV  
  25  2:52  Orbital Command  
  24  2:59  Starport  
  24  3:00  SCV  
  24  3:05  Hellion  
  27  3:08  Hellion  
  29  3:15  Barracks Tech Lab  
  29  3:22  SCV  
  29  3:24  SCV  
  27  3:34  SCV  
  27  3:38  SCV  
  29  3:42  Hellion x2  
  29  3:47  Medivac  
  35  3:50  SCV  
  35  3:55  Supply Depot  
  36  3:56  SCV  
  37  4:04  Liberator  
  37  4:05  Armory  
  37  4:06  Hellion  
  39  4:11  Hellion  
  39  4:13  SCV  
  39  4:14  SCV  
  46  4:26  SCV  
  46  4:27  SCV  
  46  4:30  Supply Depot  
  48  4:36  Hellion  
  48  4:37  Hellion  
  52  4:40  SCV  
  52  4:41  SCV  
  52  4:45  Supply Depot  
  54  4:52  SCV  
  55  4:53  SCV  
  55  4:58  Hellion  
  55  4:59  Hellion  
  60  5:03  Supply Depot  
  60  5:04  SCV  
  60  5:05  SCV  
  62  5:08  Banshee  
  65  5:16  SCV  
  65  5:17  SCV  
  67  5:28  SCV  
  67  5:29  SCV  
  67  5:33  Command Center  
  69  5:45  Cyclone x2  
  69  5:47  SCV  
  67  5:51  SCV  
  67  5:55  Banshee  
  64  5:59  SCV  
  64  6:01  Refinery x2  
  64  6:03  SCV  
  58  6:11  SCV, Terran Vehicle Weapons Level 1  
  56  6:14  Armory  
  56  6:15  SCV  
  56  6:17  Hellion  
  56  6:18  Hellion  
  62  6:23  Factory, SCV  
  63  6:27  SCV  
  64  6:35  Supply Depot, SCV  
  64  6:36  Supply Depot  
  64  6:39  SCV  
  66  6:43  Hellion x2  
  66  6:46  Barracks Tech Lab  
  70  6:47  SCV  
  70  6:50  Factory  
  70  6:51  SCV, Orbital Command  
  72  6:55  Starport Reactor  
  72  7:04  SCV x2  
  72  7:05  Hellion x2  
  78  7:08  Supply Depot  
  78  7:13  Hellion x4  
  78  7:16  SCV x2  
  78  7:21  Siege Tank  
  83  7:24  Orbital Command  
  83  7:28  SCV x2  
  85  7:31  Hellion x2  
  85  7:35  Factory  
  85  7:36  Factory  
  89  7:40  SCV x2  
  89  7:42  Refinery  
  91  7:44  Siege Tank, Refinery  
  94  7:52  Hellion, SCV x2  
  94  7:54  SCV  
  99  8:00  Engineering Bay  
  99  8:04  SCV  
  99  8:05  SCV  
  104  8:06  SCV  
  104  8:10  Command Center  
  105  8:16  Supply Depot  
  105  8:17  Supply Depot  
  105  8:18  Supply Depot  
  105  8:19  Factory Reactor  
  111  8:20  Factory Reactor  
  111  8:21  Factory Tech Lab  
Show
View Real Time Build Order
Export as new Build Order

SouLeer Zerg 

Build Orders: Pool First 

Get SALT Encoding   

  12  0:08  Overlord  
  12  0:12  Drone  
  13  0:23  Drone  
  13  0:26  Drone  
  15  0:30  Drone  
  16  0:38  Extractor  
  16  0:41  Drone  
  16  0:48  Spawning Pool  
  15  0:52  Drone  
  16  1:15  Hatchery  
  15  1:20  Drone  
  16  1:35  Zergling x6  
  19  1:41  Metabolic Boost  
  19  1:46  Zergling x2  
  20  1:52  Queen  
  22  1:59  Overlord  
  22  2:18  Zergling x2  
  22  2:20  Zergling x2  
  24  2:28  Queen  
  24  2:29  Zergling x4  
  28  2:39  Drone x2  
  29  2:49  Drone  
  29  2:52  Drone  
  29  3:04  Drone x2  
  31  3:07  Hatchery  
  30  3:13  Drone x2  
  31  3:22  Drone x2  
  31  3:25  Drone x2  
  32  3:29  Queen  
  32  3:33  Drone x2  
  35  3:35  Overlord  
  35  3:40  Zergling x2  
  36  3:43  Overlord  
  36  3:54  Zergling x4  
  36  3:55  Zergling x2  
  39  3:56  Queen  
  39  3:57  Zergling x2  
  39  3:59  Zergling x2  
  39  4:00  Drone  
  44  4:03  Drone  
  44  4:05  Overlord  
  45  4:10  Queen  
  45  4:15  Drone x2  
  49  4:19  Drone  
  49  4:20  Drone  
  49  4:22  Overlord  
  51  4:24  Drone  
  51  4:27  Drone  
  53  4:32  Roach Warren  
  53  4:34  Extractor  
  53  4:36  Zergling x4  
  53  4:38  Drone  
  53  4:40  Drone  
  53  4:41  Drone  
  53  4:44  Drone x2  
  58  4:46  Drone  
  58  4:48  Drone  
  58  4:53  Drone x2  
  58  4:54  Zergling x2  
  60  5:00  Drone  
  60  5:03  Lair  
  60  5:05  Extractor, Spore Crawler  
  61  5:08  Spore Crawler  
  61  5:15  Roach x2  
  61  5:17  Roach  
  64  5:24  Evolution Chamber  
  64  5:26  Roach  
  60  5:29  Zergling x8  
  60  5:33  Zergling x8  
  67  5:37  Zergling x4  
  60  5:43  Roach x3  
  60  5:47  Roach x2  
  57  5:53  Drone x2  
  51  5:58  Drone  
  52  6:07  Drone  
  51  6:12  Drone x2  
  51  6:15  Drone  
  51  6:17  Overseer  
  54  6:23  Roach  
  56  6:27  Zerg Missile Weapons Level 1  
  56  6:29  Drone  
  57  6:40  Queen  
  57  6:41  Roach x3  
  66  6:47  Roach  
  66  6:50  Overseer  
  66  6:53  Roach  
  68  6:56  Roach  
  68  6:58  Zergling x4  
  72  7:03  Overlord  
  72  7:07  Overlord  
  72  7:13  Spore Crawler  
  70  7:19  Overlord  
  69  7:23  Drone x3  
  69  7:25  Drone x2  
  69  7:28  Drone x2  
  76  7:32  Drone x2  
  76  7:34  Drone x2  
  81  7:41  Queen  
  83  7:46  Ravager x2  
  83  7:47  Ravager x2  
  87  7:52  Roach  
  87  7:54  Overlord x2  
  87  7:56  Overlord  
  87  7:58  Overlord  
  89  8:01  Overlord  
  88  8:07  Overlord  
Tags
 
Add a new tag
Caveats
  • Supply blocks, unpowered buildings, or Contaminate may cause inaccurate times.
  • Supply counts are checked every 10 seconds.